 Dungeon Crawl Stone Soup version 0.29.1-14-g9c671dbff4 (webtiles) character file.

Game seed: 3479123018614590056

22 Ast3rio the Trooper (level 2, 0/27 HPs)
             Began as a Minotaur Berserker on Feb 17, 2023.
             Was a Follower of Trog.
             Slain by a hobgoblin (3 damage)
             ... on level 2 of the Dungeon.
             The game lasted 00:01:48 (919 turns).

Ast3rio the Trooper (Minotaur Berserker)             Turns: 919, Time: 00:01:49

Health: 0/27       AC:  2    Str: 21    XL:     2   Next: 68%
Magic:  1/1        EV: 12    Int:  4    God:    Trog [*.....]
Gold:   17         SH:  0    Dex:  9    Spells: 1/1 levels left

rFire   . . .      SeeInvis .   e - +1 dagger (venom)
rCold   . . .      Faith    .   (no shield)
rNeg    . . .      Spirit   .   b - +0 animal skin
rPois   .          Reflect  .   (helmet restricted)
rElec   .          Harm     .   (no cloak)
rCorr   .          Rampage  .   (no gloves)
Will    .....                   (no boots)
Stlth   +.........              (no amulet)
HPRegen 0.09/turn               (no ring)
MPRegen 0.07/turn               (no ring)

@: no status effects
A: horns 2, retaliatory headbutt
a: Renounce Religion, Berserk


You were on level 2 of the Dungeon.
You worshipped Trog.
Trog was aware of your devotion.
You visited 1 branch of the dungeon, and saw 2 of its levels.

You collected 17 gold pieces.

Inventory:

Hand Weapons
 a - a +0 hand axe
 e - a +1 dagger of venom (weapon)
 h - a +0 dagger of holy wrath
Armour
 b - a +0 animal skin (worn)
Scrolls
 c - a scroll of identify {unknown}
 d - a scroll of butterflies {unknown}
Potions
 f - a potion of cancellation {unknown}
 g - a potion of brilliance {unknown}


   Skills:
 + Level 4.2 Fighting
 + Level 4.0 Axes
 + Level 2.7 Armour
 + Level 2.2 Dodging
 + Level 0.3 Stealth


You had one spell level left.
You didn't know any spells.
Your spell library was empty.

Dungeon Overview and Level Annotations

Branches:
Dungeon (2/15)

Altars:
Yredelemnul


Innate Abilities, Weirdness & Mutations

You have a pair of horns on your head.
You reflexively headbutt those who attack you in melee.


Message History

You hit the ball python.
The ball python is poisoned.
You headbutt the ball python.
You kill the ball python!
Trog accepts your kill.
Found a fuming white potion.
A bat comes into view.
The bat barely misses you. You furiously retaliate!
You headbutt the bat. The bat barely misses you.
The bat hits you but does no damage.
An orc comes into view. It is wielding a +0 hand axe.
A goblin comes into view. It is wielding a +0 dagger.
The goblin shouts!
The bat hits you but does no damage. The bat hits you but does no damage.
The bat closely misses you.
A hobgoblin comes into view.
The bat completely misses you. The bat barely misses you.
The bat closely misses you.
You closely miss the bat. Your headbutt misses the bat.
The bat is moderately wounded.
The bat hits you but does no damage.
You closely miss the bat.
The bat is moderately wounded.
The bat hits you but does no damage.
You miss the bat.
The hobgoblin shouts!
You headbutt the bat.
You kill the bat!
Trog accepts your kill. The goblin hits you with a +0 dagger.
The orc attacks as you move away! The orc hits you with a +0 hand axe.
The goblin barely misses you.
You barely miss the orc. The orc hits you with a +0 hand axe.
* * * LOW HITPOINT WARNING * * *
You hit the orc.
The orc is poisoned.
The orc is heavily wounded.
The orc closely misses you. The goblin hits you with a +0 dagger.
* * * LOW HITPOINT WARNING * * *
The hobgoblin hits you.
You die...

#†##.####.#####.##
#.†..............#
#########..#.#...#
#
...........#.###..
###.#.#.##..#....g.
#.#..............
#.#.......#.#####
#.#..._og##.#
#.#...$@g# .
#........# .#
#..#....... #
##...#.......
....##.#####.# ####
#. # #. ..


You could see an orc (very poisoned), a hobgoblin and a goblin.

Vanquished Creatures
  A ball python (D:2)
  2 endoplasms (D:1)
  A giant cockroach (D:1)
  4 jackals (D:2)
  2 quokkas (D:1)
  4 bats
  2 goblins
  3 rats
19 creatures vanquished.

Notes
Turn   | Place    | Note
-------+----------+-------------------------------------------
     0 | D:1      | Ast3rio the Minotaur Berserker began the quest for the Orb.
     0 | D:1      | Reached XP level 1. HP: 19/19 MP: 0/0
   408 | D:1      | Reached XP level 2. HP: 27/27 MP: 1/1
   724 | D:1      | Found a faded altar of an unknown god.
   894 | D:2      | Found a basalt altar of Yredelemnul.
   919 | D:2      | Slain by a hobgoblin

Illustrated notes

Levels and vault maps discovered:
D:1:      scummos_arrival_gate, layout_loops_ring,
          dreamdust_ecumenical_altar_angels_and_demons
D:2:      layout_loops_ring, basic_altar

Skill      XL: |  1  2 |
---------------+-------+-----
Fighting       | 4 |  4.2
Axes           | 4 |  4.0
Armour         | |  2.7
Dodging        | |  2.2
Stealth        | |  0.3

Action                   || total
-------------------------++-------
Melee: Dagger            ||    25
       Headbutt          ||     6
       Hand axe          ||     2
Armor: Animal skin       ||    15
Dodge: Dodged            ||    34
